 Dungeon Crawl Stone Soup version 0.22-a0-482-g76e0a5f (webtiles) character file.

280 Kingkept the Covered (level 6, -4/38 HPs)
             Began as a Tengu Fighter on June 17, 2018.
             Slain by Pikel
             ... wielding a +0 whip of electrocution
              (20 damage)
             ... on level 4 of the Dungeon.
             The game lasted 00:09:26 (3852 turns).

Kingkept the Covered (Tengu Fighter)                Turns: 3852, Time: 00:09:27

Health: -4/38      AC:  7    Str: 18    XL:     6   Next: 27%
Magic:  7/7        EV:  8    Int:  9    God:
Gold:   144        SH: 11    Dex: 13    Spells: 5/5 levels left

rFire    . . .     SeeInvis .   a - +0 flail
rCold    . . .     Gourm    .   c - +0 shield
rNeg     . . .     Faith    .   b - +0 scale mail
rPois    .         Spirit   .   (helmet restricted)
rElec    .         Reflect  +   (no cloak)
rCorr    .         Harm     .   (no gloves)
MR       .....                  (boots unavailable)
Stlth    ..........             l - +2 amulet of reflection
HPRegen  0.12/turn              (no ring)
MPRegen  0.10/turn              (no ring)

@: no status effects
A: beak, talons 3, able to fly 1
a: Fly


You were on level 4 of the Dungeon.
You were not hungry.

You visited 1 branch of the dungeon, and saw 4 of its levels.

You collected 144 gold pieces.

Inventory:

Hand Weapons
 a - a +0 flail (weapon)
Armour
 b - a +0 scale mail (worn)
 c - a +0 shield (worn)
 r - a +2 leather armour of cold resistance
Jewellery
 l - a +2 amulet of reflection (around neck)
 q - an uncursed amulet of faith
Scrolls
 e - 4 scrolls of teleportation
 g - a scroll of blinking
 j - a scroll of enchant weapon {unknown}
 k - a scroll of magic mapping {unknown}
 n - a scroll of remove curse {unknown}
 o - 3 scrolls of fog {unknown}
 p - a scroll of noise {unknown}
 s - a scroll of fear {unknown}
Potions
 d - a potion of degeneration {unknown}
 h - a potion of haste
 i - 2 potions of brilliance
 m - 2 potions of curing
Comestibles
 f - 3 rations


   Skills:
 + Level 4.0 Fighting
 + Level 3.6 Maces & Flails
 + Level 4.4 Armour
 + Level 2.7 Dodging
 + Level 4.0 Shields


You had 5 spell levels left.
You didn't know any spells.
Your spell library was empty.

Dungeon Overview and Level Annotations

Branches:
Dungeon (4/15)
 Temple: D:4-7

Altars:
Ru

Annotations:
D:2 Sigmund
D:4 Pikel


Innate Abilities, Weirdness & Mutations

You have a beak for a mouth.
You have claws for feet.
You can fly.


Message History

You block Pikel's attack. Pikel hits you but does no damage.
You sock Pikel! You peck Pikel.
Pikel is heavily wounded.
Pikel hits you but does no damage.
You closely miss Pikel.
Pikel is heavily wounded.
Pikel hits you with a whip of electrocution.
Your shield and scale mail prevent you from hitting Pikel.
You claw Pikel, but do no damage.
Pikel is heavily wounded.
Pikel hits you but does no damage.
You are electrocuted!
You sock Pikel! You claw Pikel.
Pikel is severely wounded.
You block Pikel's attack. Pikel closely misses you.
You hit Pikel. You peck Pikel, but do no damage.
Pikel is almost dead.
Pikel hits you with a whip of electrocution.
You are electrocuted!
Ouch! That really hurt!
You die...

#### ..
###.#.####.#.#.# ..#
..........#.#.# ..#
###.#.#........# ..#
#.#.#.###.#### ..#
#.....# #.#
..################.#
#.#
..'..............#.
#.#
..##############.#
#. ..# #@# #. ###
#K# #p# #p# #p# #p#
#.# #.#


You could see Pikel and 4 slaves.

Vanquished Creatures
  A bullfrog skeleton (D:4)
  2 orc priests
  An orc wizard (D:4)
  2 worker ants
  Robin (D:2)
  3 adders
  2 worms
  8 orcs
  6 giant cockroaches
  16 goblins
  8 hobgoblins
  2 quokkas
  6 bats
  2 frilled lizards
  4 kobolds
  4 rats
68 creatures vanquished.

Notes
Turn   | Place    | Note
-------+----------+-------------------------------------------
     0 | D:1      | Kingkept the Tengu Fighter began the quest for the Orb.
     0 | D:1      | Reached XP level 1. HP: 14/14 MP: 2/2
   374 | D:1      | Reached XP level 2. HP: 19/19 MP: 3/3
  1078 | D:2      | Noticed Robin
  1083 | D:2      | Reached skill level 1 in Dodging
  1089 | D:2      | Reached XP level 3. HP: 20/23 MP: 4/4
  1107 | D:2      | Killed Robin
  1217 | D:2      | Reached XP level 4. HP: 18/28 MP: 5/5
  1569 | D:2      | Noticed Sigmund
  2109 | D:3      | Gained mutation: You can fly. [Tengu growth]
  2109 | D:3      | Reached XP level 5. HP: 20/32 MP: 6/6
  2804 | D:3      | Found a sacrificial altar of Ru.
  3321 | D:4      | Reached XP level 6. HP: 27/38 MP: 7/7
  3835 | D:4      | Noticed a slave
  3836 | D:4      | Noticed Pikel
  3837 | D:4      | Noticed a slave
  3839 | D:4      | Noticed a slave
  3841 | D:4      | Noticed a slave
  3852 | D:4      | Slain by Pikel

Vault maps used:
D:1:      wheals_arrival_linesprint, minmay_hedge_maze
D:2:      minmay_door_path, uniq_robin, uniq_sigmund, uniq_crazy_yiuf_cottage
D:3:      nicolae_ru_the_path_less_chosen
D:4:      uniq_duvessa, uniq_pikel

Skill      XL: |  1  2  3  4  5  6 |
---------------+-------------------+-----
Dodging        | 1 2 |  2.7
Maces & Flails | 3 |  3.6
Armour         | 4 |  4.4
Fighting       | 4 |  4.0
Shields        | 4 |  4.0

Action                   |  1- 3 |  4- 6 || total
-------------------------+-------+-------++-------
Melee: Flail             |    83 |   111 ||   194
       Peck              |     8 |    19 ||    27
       Kick              |    11 |    30 ||    41
  Use: Potion            |     1 |     1 ||     2
       Scroll            |       |     5 ||     5
  Eat: Chunk             |     1 |     8 ||     9
Armor: Scale mail        |    34 |    32 ||    66
Dodge: Dodged            |    32 |    21 ||    53
Block: Shield            |    52 |    60 ||   112
       Reflection        |       |     6 ||     6

Table legend:
 A = Spawn XP
 B = Non-spawn XP
 C = Spawn XP percentage of total XP
 D = Spawn monster count
 E = Non-spawn monster count
 F = Spawn count percentage of total count
 G = Total turns spent on level
                    A         B        C        D         E        F      G
               +---------+---------+-------+---------+---------+-------+---------
         Total |       0 |     401 |   0.0 |       0 |      68 |   0.0 |  3852
               +---------+---------+-------+---------+---------+-------+---------
           D:1 |       0 |      27 |   0.0 |       0 |      17 |   0.0 |  1228
           D:2 |       0 |     102 |   0.0 |       0 |      23 |   0.0 |   835
           D:3 |       0 |     106 |   0.0 |       0 |      20 |   0.0 |  1189
           D:4 |       0 |     166 |   0.0 |       0 |       8 |   0.0 |   600
               +---------+---------+-------+---------+---------+-------+---------
